PCL
MEXICO CITY CERVECEROS @ SPOKANE TRAPPERS
05/15/2029
 
TOP OF THE 1ST
Mexico City Cerveceros batting - Pitching for Spokane Trappers : RHP Ben Cobb
Pitching: RHP Ben Cobb
Batting: RHB Robinson Pacheco 0-0: Foul Ball, location: 2F
0-1: Swinging Strike
0-2: Ball
1-2: Ball
2-2: Foul Ball, location: 2F
2-2: Ball
3-2: DOUBLE (Line Drive, 78D)
Batting: RHB Lee Price 0-0: Swinging Strike
0-1: Ground out 6-3 (Groundball, 6)
Batting: RHB Júlio López 0-0: Ball
1-0: Called Strike
1-1: Swinging Strike
1-2: Strikes out swinging
Batting: LHB John Nicholson 0-0: Ball
Wild Pitch!
Robinson Pacheco to third
1-0: Foul Ball, location: 2F
1-1: Ball
2-1: DOUBLE (Groundball, 5L)
Robinson Pacheco scores
Batting: LHB Gary Kern 0-0: Swinging Strike
0-1: Swinging Strike
0-2: Ball
1-2: Strikes out looking
Top of the 1st over - 1 run, 2 hits, 0 errors, 1 left on base; Mexico City 1 - Spokane 0
BOTTOM OF THE 1ST
Spokane Trappers batting - Pitching for Mexico City Cerveceros : RHP Wayne Walker
Pitching: RHP Wayne Walker
Batting: RHB Enrique Mendoza 0-0: Ground out 5-3 (Groundball, 56S)
Batting: RHB Carlos García 0-0: Called Strike
0-1: Ball
1-1: Foul Ball, location: 2F
1-2: Foul Ball, location: 2F
1-2: Fly out, F9 (Flyball, 89S)
Batting: RHB José Herrera 0-0: Ball
1-0: Foul Ball, location: 2F
1-1: Ball
2-1: Ball
3-1: Foul Ball, location: 2F
3-2: SINGLE (Groundball, 56S) (infield hit)
Batting: SHB Chris Bennis Pickoff Throw to First - Out!
Bottom of the 1st over - 0 runs, 1 hit, 0 errors, 0 left on base; Mexico City 1 - Spokane 0
TOP OF THE 2ND
Mexico City Cerveceros batting - Pitching for Spokane Trappers : RHP Ben Cobb
Batting: RHB John Dinkins 0-0: Foul Ball, location: 2F
0-1: Swinging Strike
0-2: Ball
1-2: Ball
2-2: Strikes out swinging
Batting: SHB Tex White 0-0: Ball
1-0: Ground out 4-3 (Groundball, 4)
Batting: LHB Javier Martínez 0-0: Swinging Strike
0-1: Foul Ball, location: 2F
0-2: DOUBLE (Groundball, 3L)
Batting: RHB Collin Smith 0-0: Ground out U3 (Groundball, 3L)
Top of the 2nd over - 0 runs, 1 hit, 0 errors, 1 left on base; Mexico City 1 - Spokane 0
BOTTOM OF THE 2ND
Spokane Trappers batting - Pitching for Mexico City Cerveceros : RHP Wayne Walker
Batting: SHB Chris Bennis 0-0: Ball
1-0: Ball
2-0: Called Strike
2-1: Foul Ball, location: 2F
2-2: SINGLE (Groundball, 5D)
Batting: RHB Danny Crouch 0-0: Ball
1-0: Swinging Strike
1-1: Ball
2-1: Foul Ball, location: 2F
2-2: Foul Ball, location: 2F
2-2: Foul Ball, location: 2F
2-2: Strikes out looking
Batting: RHB Roberto Cruz 0-0: Ball
1-0: Ball
2-0: Ball
3-0: Called Strike
3-1: SINGLE (Flyball, 8RS)
Chris Bennis to second
Batting: RHB Trent Rasmussen 0-0: Ball
1-0: Called Strike
1-1: SINGLE (Groundball, 34D)
Chris Bennis to third
Roberto Cruz to second
Batting: RHB Dave Mullen 0-0: Called Strike
0-1: Ball
1-1: Ball
2-1: Fly out, F8 (Flyball, 8RD)
Runner from 3rd tags up, OUT at HOME
Bottom of the 2nd over - 0 runs, 3 hits, 0 errors, 2 left on base; Mexico City 1 - Spokane 0
TOP OF THE 3RD
Mexico City Cerveceros batting - Pitching for Spokane Trappers : RHP Ben Cobb
Batting: RHB Robinson Pacheco 0-0: Foul Ball, location: 2F
0-1: Called Strike
0-2: Ball
1-2: Ball
2-2: Ball
3-2: Strikes out swinging
Batting: RHB Lee Price 0-0: Called Strike
0-1: Ball
1-1: Ball
2-1: Called Strike
2-2: Ball
3-2: SINGLE (Flyball, 89S)
Batting: RHB Júlio López 0-0: Called Strike
0-1: Ball
1-1: Fly out, F6 (Line Drive, 56)
Batting: LHB John Nicholson 0-0: Swinging Strike
0-1: Foul Ball, location: 2F
0-2: Ball
1-2: Ball
2-2: Ball
3-2: Base on Balls
Lee Price to second
Batting: LHB Gary Kern 0-0: Foul Ball, location: 2F
0-1: Swinging Strike
0-2: Fly out, F5 (Flyball, 5D)
Top of the 3rd over - 0 runs, 1 hit, 0 errors, 2 left on base; Mexico City 1 - Spokane 0
BOTTOM OF THE 3RD
Spokane Trappers batting - Pitching for Mexico City Cerveceros : RHP Wayne Walker
Batting: RHB Alberto Velásquez 0-0: Ball
1-0: Bunt for hit - play at first, batter OUT! 1-3
Batting: RHB Enrique Mendoza 0-0: Ball
1-0: SINGLE (Flyball, 7LS)
Batting: RHB Carlos García 0-0: Called Strike
Enrique Mendoza steals 2nd base
0-1: Swinging Strike
0-2: Ball
1-2: Ball
2-2: Fly out, F7 (Flyball, 7D)
Runner from 2nd tags up, SAFE at 3rd, no throw
Batting: RHB José Herrera 0-0: Ground out 6-3 (Groundball, 6)
Bottom of the 3rd over - 0 runs, 1 hit, 0 errors, 1 left on base; Mexico City 1 - Spokane 0
TOP OF THE 4TH
Mexico City Cerveceros batting - Pitching for Spokane Trappers : RHP Ben Cobb
Batting: RHB John Dinkins 0-0: Ground out 5-3 (Groundball, 56)
Batting: SHB Tex White 0-0: Ball
1-0: Ground out 3-1 (Groundball, 34)
Batting: LHB Javier Martínez 0-0: Ball
1-0: Ball
2-0: Ground out 4-3 (Groundball, 34)
Top of the 4th over - 0 runs, 0 hits, 0 errors, 0 left on base; Mexico City 1 - Spokane 0
BOTTOM OF THE 4TH
Spokane Trappers batting - Pitching for Mexico City Cerveceros : RHP Wayne Walker
Batting: SHB Chris Bennis 0-0: Swinging Strike
0-1: Ground out 6-3 (Groundball, 6M)
Batting: RHB Danny Crouch 0-0: Ball
1-0: Swinging Strike
1-1: Called Strike
1-2: Ball
2-2: Ball
3-2: Foul Ball, location: 2F
3-2: Fly out, F6 (Line Drive, 6)
Batting: RHB Roberto Cruz 0-0: Ball
1-0: Swinging Strike
1-1: Ball
2-1: Foul Ball, location: 2F
2-2: Fly out, F7 (Line Drive, 7D)
Bottom of the 4th over - 0 runs, 0 hits, 0 errors, 0 left on base; Mexico City 1 - Spokane 0
TOP OF THE 5TH
Mexico City Cerveceros batting - Pitching for Spokane Trappers : RHP Ben Cobb
Batting: RHB Collin Smith 0-0: Called Strike
0-1: Fly out, F3 (Popup, 34)
Batting: RHB Robinson Pacheco 0-0: Ball
1-0: Foul Ball, location: 2F
1-1: Ball
2-1: DOUBLE (Groundball, 5L)
Batting: RHB Lee Price 0-0: Ball
1-0: Ball
2-0: Called Strike
2-1: Fly out, F6 (Popup, 6)
Pitching: RHP Ching-wei Zi
Batting: RHB Júlio López 0-0: Ball
1-0: Ground out 4-3 (Groundball, 4)
Top of the 5th over - 0 runs, 1 hit, 0 errors, 1 left on base; Mexico City 1 - Spokane 0
BOTTOM OF THE 5TH
Spokane Trappers batting - Pitching for Mexico City Cerveceros : RHP Wayne Walker
Batting: RHB Trent Rasmussen 0-0: Foul Ball, location: 2F
0-1: Fly out, F8 (Flyball, 8RS)
Batting: RHB Dave Mullen 0-0: Ball
1-0: Called Strike
1-1: Ground out 4-3 (Groundball, 4)
Batting: RHB Alberto Velásquez 0-0: Called Strike
0-1: Foul Ball, location: 2F
0-2: Foul Ball, location: 2F
0-2: Strikes out swinging
Bottom of the 5th over - 0 runs, 0 hits, 0 errors, 0 left on base; Mexico City 1 - Spokane 0
TOP OF THE 6TH
Mexico City Cerveceros batting - Pitching for Spokane Trappers : RHP Ching-wei Zi
Batting: LHB John Nicholson 0-0: Foul Ball, location: 2F
0-1: Foul Ball, location: 2F
0-2: Ground out 4-3 (Groundball, 4)
Batting: LHB Gary Kern 0-0: Foul Ball, location: 2F
0-1: Ball
1-1: Swinging Strike
1-2: Ground out 6-3 (Groundball, 56)
Batting: RHB John Dinkins 0-0: Foul Ball, location: 2F
0-1: Ball
1-1: Swinging Strike
1-2: Foul Ball, location: 2F
1-2: Strikes out swinging
Top of the 6th over - 0 runs, 0 hits, 0 errors, 0 left on base; Mexico City 1 - Spokane 0
BOTTOM OF THE 6TH
Spokane Trappers batting - Pitching for Mexico City Cerveceros : RHP Wayne Walker
Batting: RHB Enrique Mendoza 0-0: SINGLE (Line Drive, 78M)
Batting: RHB Carlos García 0-0: Called Strike
0-1: Ball
1-1: Ball
2-1: Swinging Strike
2-2: Strikes out swinging
Batting: RHB José Herrera 0-0: Ball
Enrique Mendoza steals 2nd base
1-0: Swinging Strike
1-1: Foul Ball, location: 2F
1-2: Foul Ball, location: 2F
1-2: Ground out 1-3 (Groundball, P)
Enrique Mendoza to third
Batting: SHB Chris Bennis 0-0: 2-RUN HOME RUN (Flyball, 89XD), Distance : 415 ft
Batting: RHB Danny Crouch 0-0: Ball
1-0: Swinging Strike
1-1: SINGLE (Line Drive, 89S)
Batting: RHB Roberto Cruz Pickoff Throw to First - Out!
Bottom of the 6th over - 2 runs, 3 hits, 0 errors, 0 left on base; Mexico City 1 - Spokane 2
TOP OF THE 7TH
Mexico City Cerveceros batting - Pitching for Spokane Trappers : RHP Ching-wei Zi
Batting: SHB Tex White 0-0: Called Strike
0-1: Ground out 6-3 (Groundball, 6)
Batting: LHB Javier Martínez 0-0: Called Strike
0-1: SINGLE (Line Drive, 9LS)
Batting: RHB Collin Smith 0-0: Ball
1-0: Called Strike
1-1: Called Strike
1-2: Foul Ball, location: 2F
1-2: Strikes out looking
Batting: RHB Robinson Pacheco 0-0: Ball
1-0: Foul Ball, location: 2F
1-1: Ground out 6-3 (Groundball, 56)
Top of the 7th over - 0 runs, 1 hit, 0 errors, 1 left on base; Mexico City 1 - Spokane 2
BOTTOM OF THE 7TH
Spokane Trappers batting - Pitching for Mexico City Cerveceros : RHP Wayne Walker
Batting: RHB Roberto Cruz 0-0: Ball
1-0: Ball
2-0: Ball
3-0: Base on Balls
Batting: RHB Trent Rasmussen 0-0: Grounds into double play, 5-4-3 (Groundball, 5L)
Batting: RHB Dave Mullen 0-0: Called Strike
0-1: Fly out, F9 (Flyball, 89S)
Bottom of the 7th over - 0 runs, 0 hits, 0 errors, 0 left on base; Mexico City 1 - Spokane 2
TOP OF THE 8TH
Mexico City Cerveceros batting - Pitching for Spokane Trappers : RHP Ching-wei Zi
Batting: RHB Lee Price 0-0: Called Strike
0-1: SINGLE (Flyball, 7LS)
Pitching: RHP José Ruíz
Batting: RHB Júlio López 0-0: Ball
1-0: Swinging Strike
1-1: Swinging Strike
1-2: Strikes out swinging
Batting: LHB John Nicholson 0-0: Called Strike
0-1: Foul Ball, location: 2F
0-2: Strikes out swinging
Batting: LHB Gary Kern 0-0: Ball
1-0: Swinging Strike
1-1: Fly out, F4 (Line Drive, 4)
Top of the 8th over - 0 runs, 1 hit, 0 errors, 1 left on base; Mexico City 1 - Spokane 2
BOTTOM OF THE 8TH
Spokane Trappers batting - Pitching for Mexico City Cerveceros : RHP Wayne Walker
Batting: RHB Alberto Velásquez 0-0: Ball
1-0: Called Strike
1-1: Ball
2-1: SINGLE (Line Drive, 6MD)
Batting: RHB Enrique Mendoza 0-0: Ball
1-0: Ball
2-0: Bunted foul
2-1: Bunt - Flyout! F2
Pinch Hitting: LHB Lorenzo Flores 0-0: Called Strike
0-1: DOUBLE (Groundball, 3L)
Alberto Velásquez to third
Batting: RHB José Herrera 0-0: SINGLE (Line Drive, 6M)
Alberto Velásquez scores
Lorenzo Flores to third
Runner from 3rd tries for Home, throw and OUT!
Batting: SHB Chris Bennis 0-0: Ball
1-0: Foul Ball, location: 2F
1-1: Called Strike
1-2: Strikes out swinging
Bottom of the 8th over - 1 run, 3 hits, 0 errors, 1 left on base; Mexico City 1 - Spokane 3
TOP OF THE 9TH
Mexico City Cerveceros batting - Pitching for Spokane Trappers : RHP José Ruíz
Now in LF: Stanley Mullins
Batting: RHB John Dinkins 0-0: Ball
1-0: Swinging Strike
1-1: Called Strike
1-2: Foul Ball, location: 2F
1-2: Strikes out swinging
Batting: SHB Tex White 0-0: Swinging Strike
0-1: Foul Ball, location: 2F
0-2: Ball
1-2: Ball
2-2: Ball
3-2: Ground out 6-3 (Groundball, 6)
Batting: LHB Javier Martínez 0-0: Ground out 3-1 (Groundball, 34S)
Top of the 9th over - 0 runs, 0 hits, 0 errors, 0 left on base; Mexico City 1 - Spokane 3
Saturday, December 16th, 2017 - OOTP Baseball 18.8 Build 76